AoeStats
← gigaleiner

Arabian Desert

510141884Analyzed
1v1 RM · 2d ago on Sep 29, 2026· 57m 19s· 2 players
Game mode
Random Map
Map size
Tiny (2 player)
Population
200
Speed
Normal
Resources
Standard
Victory
Conquest
Starting age
Dark Age
Ending age
Imperial Age
RankedLock teamsTeams togetherTeam positionsShared explorationLock speedFull tech treeHidden civsTurbo modeCheats
Victory
Defeat
🇬🇹 Celts · Guatemala
1095
+16
🇩🇪 Wei · Germany
1092
-16
gigaleiner
7:17 Loom
9:36 Feudal Age
10:46 Man-at-Arms
17:09 Fletching
18:35 Double-Bit Axe
23:53 Castle Age
22:22 Horse Collar
22:46 Gold Mining
23:28 Forging
23:57 Bloodlines
24:09 Scale Barding Armor
24:35 Stone Mining
25:53 Heavy Plow
27:52 Gold Shaft Mining
28:04 Husbandry
28:49 Bow Saw
33:02 Iron Casting
35:13 Chain Barding Armor
40:59 Imperial Age
39:49 Wheelbarrow
39:03 Town Watch
42:33 Conscription
45:30 Town Patrol
46:59 Elite Tiger Cavalry
49:58 Murder Holes
53:46 Bodkin Arrow
53:51 Padded Archer Armor
54:31 Ballistics
55:11 Chemistry
55:16 Blast Furnace
55:59 Bracer
55:51 Heavy Hei Guang Cavalry
JJ
2:33 Loom
10:36 Feudal Age
10:40 Man-at-Arms
12:09 Arson
13:09 Town Watch
17:37 Wheelbarrow
21:04 Castle Age
19:40 Fletching
21:48 Town Patrol
21:56 Scale Mail Armor
22:31 Double-Bit Axe
22:42 Gambesons
23:42 Chain Mail Armor
23:51 Horse Collar
24:10 Long Swordsman
25:47 Forging
25:53 Stone Mining
27:11 Heavy Plow
31:15 Bow Saw
32:53 Iron Casting
34:08 Bodkin Arrow
37:01 Imperial Age
37:19 Hand Cart
38:12 Ballistics
39:14 Blast Furnace
39:01 Masonry
39:19 Conscription
39:00 Gold Mining
40:24 Plate Mail Armor
41:31 Hoardings
44:01 Stronghold
44:46 Elite Woad Raider
47:59 Stone Shaft Mining
48:00 Gold Shaft Mining
48:38 Chemistry
53:21 Siege Engineers
Connection lost

Rejoining the realm…

Still unreachable

The connection could not be restored.

Session expired

The server has moved on; the page needs a fresh start.